 Dungeon Crawl Stone Soup version 0.30-a0-358-g0d69a1922f (webtiles) character file.

Game seed: 10826693756770206886

630 Elric the Cleaver (level 7, -18/59 HPs)
             Began as a Minotaur Berserker on Nov 9, 2022.
             Was a Priest of Trog.
             Demolished by an ogre
             ... wielding a +0 giant spiked club
              (28 damage)
             ... on level 5 of the Dungeon.
             The game lasted 00:06:05 (4185 turns).

Elric the Cleaver (Minotaur Berserker)              Turns: 4185, Time: 00:06:05

Health: -18/59     AC: 12    Str: 23    XL:     7   Next: 24%
Magic:  6/6        EV:  5    Int:  4    God:    Trog [***...]
Gold:   391        SH:  8    Dex: 10    Spells: 6/6 levels left

rFire   . . .      SeeInvis .    e - +0 war axe
rCold   . . .      Faith    .    p - +0 kite shield
rNeg    . . .      Spirit   .    n - +0 plate armour
rPois   .          Reflect  .    (helmet restricted)
rElec   .          Harm     .    l - +0 cloak
rCorr   .          Rampage  .    (no gloves)
Will    .....                    (no boots)
Stlth   ..........               (no amulet)
HPRegen 0.29/turn                (no ring)
MPRegen 0.10/turn                (no ring)

@: no status effects
A: horns 2, retaliatory headbutt
a: Renounce Religion, Berserk, Trog's Hand


You were on level 5 of the Dungeon.
You worshipped Trog.
Trog was most pleased with you.
You visited 1 branch of the dungeon, and saw 5 of its levels.

You collected 391 gold pieces.

Inventory:

Hand Weapons
 a - a +0 hand axe
 e - a +0 war axe (weapon)
 y - a +3 antimagic trident
Armour
 l - a +0 cloak (worn)
 n - a +0 plate armour (worn)
 p - a +0 kite shield (worn)
Wands
 b - a wand of iceblast (9)
 s - a wand of polymorph (9)
Scrolls
 c - a scroll of teleportation
 i - a scroll of noise
 m - 2 scrolls of immolation {unknown}
 o - 4 scrolls of identify {unknown}
 q - a scroll of fear {unknown}
 r - a scroll of amnesia {unknown}
 u - a scroll of vulnerability {unknown}
 w - a scroll of fog {unknown}
 x - a scroll of brand weapon {unknown}
Potions
 d - a potion of attraction {unknown}
 f - 2 potions of curing
 g - 2 potions of cancellation {unknown}
 h - 3 potions of heal wounds {unknown}
 j - a potion of degeneration {unknown}
 k - a potion of haste {unknown}
 t - 3 potions of brilliance {unknown}
 v - a potion of magic {unknown}


   Skills:
 - Level 4.2 Fighting
 * Level 8.2 Axes
 - Level 3.5 Armour
 - Level 2.9 Dodging
 + Level 3.9 Shields


You had 6 spell levels left.
You didn't know any spells.
Your spell library was empty.

Dungeon Overview and Level Annotations

Branches:
Dungeon (5/15)
 Temple: D:4-7

Altars:
Ashenzari
Nemelex Xobeh
Ru
Uskayaw
Yredelemnul
Zin

Shops:
D:1 =   D:3 [?


Innate Abilities, Weirdness & Mutations

You have a pair of horns on your head.
You reflexively headbutt those who attack you in melee.


Message History

The orc hits you but does no damage.
You closely miss the scorpion. You headbutt the scorpion.
The scorpion is severely wounded.
You barely miss the orc. x2; The scorpion closely misses you.
You block the orc's attack.
The orc priest begins to cast a cantrip, but forgets the words!
The orc barely misses you. The scorpion barely misses you.
You hit the scorpion.
The scorpion is severely wounded.
You slash the orc!
You kill the orc!
Trog accepts your kill.
You barely miss the orc. The orc hits you but does no damage.
You block the orc priest's attack. The scorpion stings you.
You barely miss the scorpion.
The scorpion is severely wounded.
You hit the ogre. You closely miss the orc. The scorpion stings you.
The orc completely misses you. You block the ogre's attack.
The orc priest looks braver for a moment.
The scorpion stings you but does no damage.
The orc hits you but does no damage. The orc priest barely misses you.
You slash the scorpion!
You kill the scorpion!
Trog accepts your kill.
You hit the ogre. You barely miss the orc.
The ogre hits you with a +0 giant spiked club!
The orc priest hits you but does no damage.
The orc hits you but does no damage.
You hit the ogre. You headbutt the ogre.
The ogre is severely wounded.
You slash the orc!
You kill the orc!
Trog accepts your kill.
The ogre hits you with a +0 giant spiked club!!
The orc priest hits you from afar with a +0 trident!
* * * LOW HITPOINT WARNING * * *
Okay, then.
The ogre attacks as you move away!
The ogre hits you with a +0 giant spiked club!!
You die...

##########
############.))o.....
#...#~~~~~#..@O...# #
#.###~♣.♣~##.####.#
## #...#~._..'..#
.###...#~♣.♣~#..#
.##....#~~~~~##.#
.##....#######..#
.##.#.#.##.# ##.#
......#.##.# #.#
.[).###.##.####.#####


You could see an ogre and an orc priest.

Vanquished Creatures
  Blork the orc (D:5)
  2 necrophages
  2 scorpions
  A hound (D:5)
  A jelly (D:4)
  An iguana (D:4)
  An orc wizard (D:3)
  A scorpion zombie (D:3)
  3 gnolls
  4 adders
  A shadow imp (D:4)
  2 ufetubi (D:4)
  3 worms
  4 dart slugs
  10 orcs
  6 ball pythons
  8 bats
  7 endoplasms
  2 giant cockroaches
  5 goblins
  11 hobgoblins
  5 jackals
  6 kobolds
  5 quokkas
  A ball python zombie (D:3)
  2 frilled lizards (D:3)
  9 rats
104 creatures vanquished.

Notes
Turn   | Place    | Note
-------+----------+-------------------------------------------
     0 | D:1      | Elric the Minotaur Berserker began the quest for the Orb.
     0 | D:1      | Reached XP level 1. HP: 19/19 MP: 0/0
    63 | D:1      | Reached XP level 2. HP: 27/27 MP: 1/1
   207 | D:1      | Reached skill level 4 in Axes
   348 | D:1      | Reached XP level 3. HP: 26/33 MP: 2/2
   376 | D:1      | Found Eqyasout's Jewellery Boutique.
  1038 | D:2      | Reached ** piety under Trog
  1307 | D:2      | Reached XP level 4. HP: 39/40 MP: 3/3
  1532 | D:3      | Found a broken altar of Ashenzari.
  1582 | D:3      | Found a glowing silver altar of Zin.
  1657 | D:3      | Found Naeduc's Magic Scroll Boutique.
  1663 | D:3      | Identified the +5 sling of Duty {vorpal, rPois}
  1676 | D:3      | Reached skill level 5 in Axes
  1975 | D:3      | Found a basalt altar of Yredelemnul.
  2139 | D:3      | Found a sparkling altar of Nemelex Xobeh.
  2139 | D:3      | Found a sacrificial altar of Ru.
  2478 | D:3      | Reached XP level 5. HP: 46/46 MP: 4/4
  2491 | D:3      | Reached skill level 1 in Shields
  2517 | D:3      | Reached skill level 6 in Axes
  2567 | D:3      | Found Vevanox's Assorted Antiques.
  2579 | D:3      | Found Akkaoqif's Antique Armour Boutique.
  2796 | D:4      | Reached *** piety under Trog
  2859 | D:4      | Reached XP level 6. HP: 44/52 MP: 5/5
  2985 | D:4      | Reached skill level 7 in Axes
  3850 | D:5      | Entered Level 5 of the Dungeon
  3972 | D:5      | Noticed Blork the orc
  3981 | D:5      | Killed Blork the orc
  3982 | D:5      | Reached skill level 8 in Axes
  3982 | D:5      | Reached XP level 7. HP: 56/59 MP: 0/6
  4119 | D:5      | Identified the +0 scale mail of the Untouchables {Int+3
                  | Dex+2 Stlth+}
  4168 | D:5      | Found a hide-covered altar of Uskayaw.
  4185 | D:5      | Demolished by an ogre

Illustrated notes

Levels and vault maps discovered:
D:1:      giann_wishing_wells, layout_basic, serial_shops,
          nicolae_shop_waterfront, lemuel_flame_loot_1
D:2:      layout_loops_ring, nicolae_figureground_pulse
D:3:      layout_loops_ring, lemuel_zombie_altar_yredelemnul,
          gammafunk_temple_overflow_elements,
          mainiacjoe_overflow_catch_the_wave, serial_shops, shop,
          nicolae_shop_crystal, nicolae_shop_overgrown_old_shop, serial_rivers,
          chequers_serial_rivers_micro_a, chequers_serial_rivers_micro_a,
          chequers_serial_rivers_room_a, chequers_serial_rivers_micro_d,
          st_stairs_5, minmay_guardbox
D:4:      minmay_chambers_of_twos, layout_basic
D:5:      layout_basic, kennysheep_little_box,
          nicolae_gozag_cash_rules_everything_around_me,
          nicolae_qazlal_general_emergency, uniq_blork_the_orc

Skill      XL: |  1  2  3  4  5  6 |
---------------+-------------------+-----
Fighting       | 4 |  4.2
Axes           | 4 5 6 8 |  8.2
Armour         | 3 |  3.5
Shields        | 2 3 |  3.9
Dodging        | |  2.9

Action                   |  1- 3 |  4- 6 |  7- 9 || total
-------------------------+-------+-------+-------++-------
Melee: Hand axe          |    51 |       |       ||    51
       Headbutt          |    12 |    23 |     3 ||    38
       Punch             |     2 |       |       ||     2
       War axe           |    23 |   144 |     9 ||   176
Invok: Berserk           |     1 |     2 |       ||     3
  Use: Scroll            |       |     2 |       ||     2
       Potion            |       |     1 |       ||     1
 Stab: Sleeping          |     1 |       |       ||     1
Armor: Animal skin       |    13 |     3 |       ||    16
       Plate armour      |       |    88 |     7 ||    95
Dodge: Dodged            |    46 |    60 |     7 ||   113
Block: Kite shield       |       |    47 |     5 ||    52

Table legend: (Time is in decaauts)
 A = Elapsed time spent in this place.
 B = Non-inter-level travel time spent in this place.
 C = Inter-level travel time spent in this place.
 D = Time resting spent in this place.
 E = Time spent auto-exploring this place.
 F = Levels seen in this place.
 G = Mean time per level.
                   A        B        C        D        E       F      G
               +--------+--------+--------+--------+--------+-----+--------+
         Total |   4272 |   3900 |    372 |    201 |   3059 |   5 |  854.4 |
       Dungeon |   4272 |   3900 |    372 |    201 |   3059 |   5 |  854.4 |
               +--------+--------+--------+--------+--------+-----+--------+

Top non-repeatable levels by time:
     D:4: 1333 daAuts
     D:3: 1229 daAuts
     D:1: 878 daAuts
     D:2: 674 daAuts
     D:5: 156 daAuts
